 Dungeon Crawl Stone Soup version 0.31.0-11-ge490571c62 (webtiles) character file.

Game seed: 9966032461041342163

70 iamserjio the Digger (level 4, -1/24 HPs)
             Began as a Gargoyle Earth Elementalist on Jan 28, 2024.
             Slain by a gnoll
             ... wielding a +0 flail
              (10 damage)
             ... on level 2 of the Dungeon.
             The game lasted 00:02:09 (1409 turns).

iamserjio the Digger (Gargoyle Earth Elementalist)  Turns: 1409, Time: 00:02:10

Health: -1/24      AC:  5    Str: 12    XL:     4   Next: 21%
Magic:  1/7        EV: 11    Int: 17    God:
Gold:   94         SH:  5    Dex: 10    Spells: 1/8 levels left

rFire   . . .        m - +1 short sword (speed)
rCold   . . .        (no shield)
rNeg    + . .        a - +0 robe
rPois   ∞            (no helmet)
rElec   +            (no cloak)
rCorr   .            (no gloves)
SInv    .            (no boots)
Will    .....        c - amulet of reflection
Stlth   ++           (no ring)
HPRegen 0.24/turn    (no ring)
MPRegen 0.10/turn

%: reflection
@: no status effects
A: sickness immunity, AC +3, negative energy resistance 1, electricity
resistance, torment resistance 1, petrification resistance
a: no special abilities


You were on level 2 of the Dungeon.
You visited 1 branch of the dungeon, and saw 3 of its levels.

You collected 94 gold pieces.

Inventory:

Hand Weapons
 d - a +0 short sword
 h - a +2 dagger of flaming
 m - a +1 short sword of speed (weapon)
Armour
 a - a +0 robe (worn)
Jewellery
 c - an amulet of reflection (around neck)
Scrolls
 e - 3 scrolls of enchant weapon {unknown}
 f - 2 scrolls of identify {unknown}
 g - a scroll of noise {unknown}
 i - 2 scrolls of fear {unknown}
 k - 2 scrolls of teleportation {unknown}
 l - 2 scrolls of immolation {unknown}
Potions
 b - a potion of magic
 j - a potion of haste {unknown}


   Skills:
 - Level 1.5 Dodging
 - Level 2.1 Stealth
 + Level 2.5 Spellcasting
 * Level 2.8 Conjurations
 * Level 4.6 Earth Magic


You had one spell level left.
You knew the following spells:

 Your Spells              Type           Power      Damage    Failure   Level
a - Sandblast             Erth           36%        2d10      2%          1
b - Stone Arrow           Conj/Erth      28%        3d8       12%         3
c - Passwall              Erth           18%        N/A       9%          3

Your spell library contained the following spells:

 Spells                   Type           Power      Damage    Failure   Level
 Brom's Barrelling Bould  Conj/Erth      14%        2d4       36%         4
 Petrify                  Alch/Erth      10%        N/A       56%         4


Dungeon Overview and Level Annotations

Branches:
Dungeon (3/15)

Altars:

Shops:
D:2 (


Innate Abilities, Weirdness & Mutations

You are immune to sickness and miasma.
Your stone body is resilient. (AC +3)
You are immune to poison.
You resist negative energy. (rN+)
You are resistant to electric shocks. (rElec)
You are resistant to unholy torment.
You are immune to petrification.


Message History

You finish memorising.
Spell assigned to 'b'.
This spell is quite dangerous to cast!
You start memorising the spell.
You continue memorising. x3
You finish memorising.
Spell assigned to 'c'.
You climb upwards.
The kobold throws a stone.
The stone hits you but does no damage.
There is a stone staircase leading down here.
Aiming: Sandblast (safe; 2% risk of failure)
Press: ? - help, Q - select action Shift-Dir - straight line, f - kobold
Aim: a kobold, wielding a +0 whip and quivering stones (77% to hit)
The blast of sand hits the kobold!
You kill the kobold!
Aiming: Sandblast (safe; 2% risk of failure)
Press: ? - help, Q - select action Shift-Dir - straight line, f - gnoll
Aim: a gnoll, wielding a +0 flail (84% to hit)
The blast of sand hits the gnoll.
Aiming: Sandblast (safe; 2% risk of failure)
Press: ? - help, Q - select action Shift-Dir - straight line, f/p - gnoll
Aim: a gnoll, wielding a +0 flail (lightly wounded, 84% to hit)
The blast of sand hits the gnoll!
You kill the gnoll!
Aiming: Sandblast (safe; 2% risk of failure)
Press: ? - help, Q - select action Shift-Dir - straight line, f - gnoll
Aim: a gnoll, wielding a +0 flail (84% to hit)
The blast of sand hits the gnoll!
The gnoll hits you with a +0 flail!
* * * LOW HITPOINT WARNING * * *
Aiming: Sandblast (safe; 2% risk of failure)
Press: ? - help, Q - select action Shift-Dir - straight line, f/p - gnoll
Aim: a gnoll, wielding a +0 flail (heavily wounded, 84% to hit)
The blast of sand hits the gnoll.
The gnoll closely misses you.
Aiming: Sandblast (safe; 2% risk of failure)
Press: ? - help, Q - select action Shift-Dir - straight line, f/p - gnoll
Aim: a gnoll, wielding a +0 flail (severely wounded, 84% to hit)
The blast of sand misses the gnoll.
The gnoll hits you with a +0 flail.
* * * LOW HITPOINT WARNING * * *
The gnoll hits you with a +0 flail!
You die...

#############
+......).)g@#
######.####.#
#.# #.# #.#
#.# #.# #.#
#.# #.# # #K#
#.# #. #g#
#.# ###.. #g#
#.#


You could see a gnoll.

Vanquished Creatures
  A gnoll (D:2)
  An adder (D:2)
  4 bats
  2 endoplasms (D:1)
  4 giant cockroaches (D:1)
  2 goblins
  6 hobgoblins (D:1)
  3 quokkas
  5 ball pythons
  4 frilled lizards (D:1)
  10 kobolds
  4 rats (D:1)
46 creatures vanquished.

Notes
Turn   | Place    | Note
-------+----------+-------------------------------------------
     0 | D:1      | iamserjio the Gargoyle Earth Elementalist began the quest
                  | for the Orb.
     0 | D:1      | Reached XP level 1. HP: 10/10 MP: 3/3
    99 | D:1      | Reached XP level 2. HP: 15/15 MP: 1/5
   220 | D:1      | Reached skill level 4 in Earth Magic
   398 | D:1      | Reached XP level 3. HP: 15/19 MP: 6/6
  1323 | D:2      | Found Iczur's Weapon Emporium.
  1356 | D:3      | Reached XP level 4. HP: 15/24 MP: 4/7
  1398 | D:3      | Learned a level 3 spell: Stone Arrow
  1402 | D:3      | Learned a level 3 spell: Passwall
  1409 | D:2      | Slain by a gnoll

Illustrated notes

Levels and vault maps discovered:
D:1:      tarquinn_simple_flora_water_d, layout_basic
D:2:      layout_basic, serial_shops, shop
D:3:      layout_loops_corners, lemuel_doored_altar,
          mainiacjoe_overflow_boulevard, ebering_dispersal_statue_hall,
          nicolae_wormholes

Skill      XL: |  1  2 |
---------------+-------+-----
Earth Magic    | 4 |  4.6
Conjurations   | 2 |  2.8
Dodging        | |  1.5
Stealth        | |  2.1
Spellcasting   | |  2.5

Action                     |  1- 3 |  4- 6 || total
---------------------------+-------+-------++-------
  Melee: Unarmed           |    14 |       ||    14
         Dagger            |    58 |       ||    58
         Short sword       |    12 |       ||    12
   Cast: Sandblast         |    19 |     7 ||    26
   Stab: Sleeping          |     3 |       ||     3
 Armour: Robe              |    48 |     4 ||    52
  Dodge: Dodged            |    49 |     1 ||    50
  Block: Other             |    15 |       ||    15
         Reflection        |     1 |       ||     1
